 Dungeon Crawl Stone Soup version 0.23.0 (webtiles) character file.

Game seed: 15272335893358224798

21649 Laan the Cleaver (level 12, -6/79 HPs)
             Began as a Gargoyle Fighter on Feb 9, 2019.
             Was a High Priest of Okawaru.
             Splashed by an oklob plant's acid (9 damage)
             ... on level 3 of the Lair of Beasts.
             The game lasted 00:27:13 (11952 turns).

Laan the Cleaver (Gargoyle Fighter)                Turns: 11952, Time: 00:27:14

Health: -6/79      AC: 21    Str: 30    XL:     12   Next: 92%
Magic:  15/15      EV:  9    Int: 13    God:    Okawaru [*****.]
Gold:   294        SH: 16    Dex:  9    Spells: 11/11 levels left

rFire    + . .     SeeInvis +   a - +7 broad axe (elec)
rCold    . . .     Gourm    .   c - +0 shield
rNeg     + . .     Faith    .   K - +7 scale mail of Xom's Displeasure {rPois Int+4}
rPois    ∞         Spirit   .   C - +0 hat of Tiatt {rF+}
rElec    +         Reflect  +   B - +0 cloak
rCorr    .         Harm     .   i - +0 pair of gloves
MR       .....                  r - +0 pair of boots
Stlth    ..........             k - +3 amulet of reflection
HPRegen  0.23/turn              (no ring)
MPRegen  0.14/turn              l - ring of see invisible

@: mighty, corroded
A: negative energy resistance 1, electricity resistance, unbreathing,
petrification resistance, rot immunity, AC +8
a: Heroism, Finesse, Renounce Religion


You were on level 3 of the Lair of Beasts.
You worshipped Okawaru.
Okawaru was extremely pleased with you.
You were not hungry.

You visited 3 branches of the dungeon, and saw 15 of its levels.

You collected 789 gold pieces.
You spent 495 gold pieces at shops.

Inventory:

Hand Weapons
 a - a +7 broad axe of electrocution (weapon)
 b - a +3 mace of freezing
Armour
 c - a +0 shield (worn)
 i - a +0 pair of gloves (worn)
 r - a +0 pair of boots (worn)
 B - a +0 cloak (worn)
 C - the +0 hat of Tiatt (worn) {rF+}
   (Okawaru gifted it to you on level 9 of the Dungeon)

   It protects you from fire.
 K - the +7 scale mail of Xom's Displeasure (worn) {rPois Int+4}
   (You found it on level 1 of the Lair of Beasts)

   It affects your intelligence (+4).
   It protects you from poison.
Jewellery
 k - a +3 amulet of reflection (around neck)
 l - a ring of see invisible (right hand)
 A - an uncursed amulet of the acrobat {unknown}
 G - an uncursed amulet of faith {unknown}
Wands
 p - a wand of acid (6)
 s - a wand of disintegration (4)
 w - a wand of digging (5)
 x - a wand of flame (23)
 D - a wand of paralysis (10)
 F - a wand of clouds (5)
Scrolls
 d - 5 scrolls of identify
 e - 5 scrolls of remove curse
 g - a scroll of blinking
 n - 3 scrolls of magic mapping
 u - a scroll of fog
 y - a scroll of fear
 E - a scroll of amnesia {unknown}
 I - a scroll of teleportation
Potions
 h - a potion of magic
 j - 3 potions of mutation {unknown}
 m - 3 potions of curing
 o - 2 potions of brilliance {unknown}
 q - a potion of flight {unknown}
 z - a potion of invisibility {unknown}
 H - a potion of resistance {unknown}
 J - a potion of cancellation {unknown}
 L - a potion of lignification {unknown}
Comestibles
 f - 21 rations


   Skills:
 + Level 10.8 Fighting
 * Level 11.8 Axes
 + Level 10.8 Armour
 + Level 10.7 Shields
 + Level 5.0 Invocations


You had 11 spell levels left.
You didn't know any spells.
Your spell library contained the following spells:

 Spells                   Type           Power        Failure   Level  Hunger
 Flame Tongue             Conj/Fire      #....        67%         1    ##.....
 Sandblast                Erth           #.....       67%         1    ##.....
 Summon Small Mammal      Summ           #...         67%         1    ##.....
 Call Imp                 Summ           #.......     82%         2    ###....
 Passwall                 Tmut/Erth      #.......     82%         2    ###....
 Throw Flame              Conj/Fire      #.....       82%         2    ###....
 Call Canine Familiar     Summ           #.......     96%         3    ####...
 Conjure Flame            Conj/Fire      #.......     96%         3    ####...
 Inner Flame              Hex/Fire       #.......     96%         3    ####...
 Stone Arrow              Conj/Erth      #.....       96%         3    ####...
 Summon Guardian Golem    Hex/Summ       #.......     96%         3    ####...
 Petrify                  Tmut/Erth      #.......     100%        4    #####..
 Sticky Flame             Conj/Fire      #.......     100%        4    #####..
 Summon Ice Beast         Ice/Summ       #.......     100%        4    #####..
 Summon Lightning Spire   Summ/Air       #.......     100%        4    #####..
 Fireball                 Conj/Fire      #.........   100%        5    ######.
 Lee's Rapid Deconstruct  Erth           #.........   100%        5    ######.


Dungeon Overview and Level Annotations

Branches:
Dungeon (11/15)            Temple (1/1) D:5            Lair (3/6) D:11
    Orc (0/2) D:10
  Swamp: Lair:2-4    Shoals: Lair:2-4     Snake: Lair:2-4    Spider: Lair:2-4

Altars:
Ashenzari
Cheibriados
Dithmenos
Elyvilon
Fedhas
Gozag
Hepliaklqana
Kikubaaqudgha
Makhleb
Nemelex Xobeh
Okawaru
Qazlal
Ru
Sif Muna
Trog
Uskayaw
Vehumet
Wu Jian
Xom
Yredelemnul
Zin
The Shining One

Shops:
D:6 ?   D:8 (

Annotations:
Lair:3 exclusion: 2 oklob plants


Innate Abilities, Weirdness & Mutations

You are resistant to torment.
Your stone body is resilient. (AC +8)
You are immune to poison.
You resist negative energy. (rN+)
You are resistant to electric shocks. (rElec)
You can survive without breathing.
You are immune to petrification.
You are immune to rotting.


Message History

The oklob plant is moderately damaged.
You slash the oklob plant!
The oklob plant is moderately damaged.
You slash the oklob plant!
The oklob plant is heavily damaged.
The oklob plant spits acid at you.
The splash of acid hits you but does no damage.
You are splashed with acid!
* * * LOW HITPOINT WARNING * * *
You feel very mighty all of a sudden. The oklob plant spits acid at you.
The splash of acid hits you but does no damage.
The acid corrodes you!
You are splashed with acid!
* * * LOW HITPOINT WARNING * * *
You feel better. The oklob plant spits acid at you.
The splash of acid hits you!
* * * LOW HITPOINT WARNING * * *
You are splashed with acid!
You die...

#.................
........!..........
.#............!.....
....................
..........#.PPPP#...
#........÷$...=...
#........#..[$)#..
#........#$..P.#...
#..........@P$.....
##.#P.##.#...)"#.##
##### #########


You could see 2 oklob plants.

Vanquished Creatures
  Harold (D:7)
  2 centaur warriors (D:8)
  An ice dragon (D:11)
  3 two-headed ogres
  A cyclops (D:11)
  2 oklob plants (Lair:3)
  Joseph (D:7)
  2 black mambas (Lair:2)
  4 spiny frogs (Lair:1)
  2 komodo dragons
  2 polar bears (D:11)
  A troll (D:10)
  5 blink frogs (Lair:1)
  5 hippogriffs
  9 yaks
  A basilisk (Lair:2)
  Eustachio (D:6)
  A wyvern (D:9)
  A soldier ant (D:10)
  4 water moccasins
  4 porcupines
  3 sky beasts
  3 ice beasts
  2 orc warriors
  3 black bears
  An eye of draining (D:8)
  3 phantoms
  6 ogres
  6 crocodiles
  12 wolves
  13 centaurs
  2 big kobolds
  13 bullfrogs
  A wyvern skeleton (D:6)
  5 scorpions
  8 wights
  8 howler monkeys
  An electric eel (Lair:1)
  A bullfrog zombie (D:8)
  5 crimson imps
  5 hounds
  A gnoll shaman (D:8)
  2 centaur skeletons
  3 bullfrog skeletons
  5 orc priests
  4 jellies
  Crazy Yiuf (D:7)
  6 iguanas
  Jessica (D:3)
  Terence (D:3)
  Natasha (thrice) (D:2)
  9 orc wizards
  10 worker ants
  A killer bee zombie (D:8)
  2 howler monkey skeletons
  2 worker ant zombies
  6 gnolls
  10 adders
  2 shadow imps
  An adder zombie (D:6)
  4 worms
  9 leopard geckos
  26 orcs
  2 ball pythons
  8 giant cockroaches
  8 goblins
  9 hobgoblins
  7 jackals
  9 kobolds
  9 quokkas
  7 bats
  4 frilled lizards
  A jackal skeleton (D:4)
  A leopard gecko skeleton (D:6)
  A leopard gecko zombie (D:8)
  6 rats
  A fungus (Lair:2)
  2 plants
338 creatures vanquished.

Vanquished Creatures (others)
  A centaur (D:11)
1 creature vanquished.

Grand Total: 339 creatures vanquished

Notes
Turn   | Place    | Note
-------+----------+-------------------------------------------
     0 | D:1      | Laan the Gargoyle Fighter began the quest for the Orb.
     0 | D:1      | Reached XP level 1. HP: 14/14 MP: 1/1
    51 | D:1      | Reached XP level 2. HP: 19/19 MP: 2/2
    70 | D:1      | Reached skill level 2 in Axes
   513 | D:1      | Reached XP level 3. HP: 19/24 MP: 3/3
   685 | D:2      | Noticed Natasha
   690 | D:2      | Killed Natasha
   731 | D:2      | Reached XP level 4. HP: 29/29 MP: 4/4
   760 | D:2      | Noticed Natasha
   768 | D:2      | Killed Natasha
   856 | D:2      | Noticed Natasha
   868 | D:2      | Killed Natasha
   868 | D:2      | Reached XP level 5. HP: 25/33 MP: 5/5
  1046 | D:2      | Found a faded altar of an unknown god.
  1169 | D:3      | Noticed Terence
  1177 | D:3      | Killed Terence
  1214 | D:3      | Noticed Jessica
  1216 | D:3      | You fall through a shaft!
  1238 | D:4      | Reached skill level 3 in Axes
  1277 | D:4      | Noticed an ogre
  1282 | D:4      | HP: 1/34 [ogre/+0 giant club (19)]
  1288 | D:4      | Killed an ogre
  1288 | D:4      | Reached XP level 6. HP: 28/39 MP: 6/6
  1874 | D:4      | Noticed a phantom
  1899 | D:4      | Killed a phantom
  1899 | D:4      | Reached skill level 5 in Fighting
  1899 | D:4      | Reached skill level 5 in Armour
  1899 | D:4      | Reached skill level 5 in Shields
  1899 | D:4      | Reached XP level 7. HP: 37/44 MP: 7/7
  2266 | D:3      | Killed Jessica
  2584 | D:5      | Entered Level 5 of the Dungeon
  2612 | D:5      | Reached skill level 4 in Axes
  3309 | D:5      | Reached XP level 8. HP: 44/51 MP: 8/8
  3368 | D:5      | Reached skill level 5 in Axes
  3655 | D:5      | Found a staircase to the Ecumenical Temple.
  3671 | Temple   | Entered the Ecumenical Temple
  3731 | Temple   | Became a worshipper of Warmaster Okawaru
  4172 | D:6      | Reached * piety under Okawaru
  4228 | D:6      | Noticed Eustachio
  4269 | D:6      | Killed Eustachio
  4269 | D:6      | Reached skill level 6 in Axes
  4269 | D:6      | Reached XP level 9. HP: 25/56 MP: 9/9
  4493 | D:6      | Found Lusar's Magic Scroll Emporium.
  4501 | D:6      | Bought a scroll of noise for 14 gold pieces
  4740 | D:7      | Noticed Harold
  4765 | D:7      | Killed Harold
  4765 | D:7      | Reached ** piety under Okawaru
  4765 | D:7      | Reached skill level 7 in Axes
  4799 | D:7      | Reached *** piety under Okawaru
  4991 | D:7      | Noticed Joseph
  5015 | D:7      | Killed Joseph
  5015 | D:7      | Reached XP level 10. HP: 61/64 MP: 10/10
  5379 | D:7      | Found a runed translucent door.
  5380 | D:7      | Noticed Crazy Yiuf
  5388 | D:7      | Killed Crazy Yiuf
  5388 | D:7      | Reached skill level 8 in Axes
  5468 | D:8      | Found Wiahaeqi's Weapon Shoppe.
  5522 | D:8      | Found a glowing golden altar of the Shining One.
  5558 | D:8      | Noticed a two-headed ogre
  5571 | D:8      | Killed a two-headed ogre
  5571 | D:8      | Reached **** piety under Okawaru
  5622 | D:8      | Noticed a centaur warrior
  5625 | D:8      | Noticed a centaur warrior
  5777 | D:8      | Killed a centaur warrior
  5927 | D:8      | Killed a centaur warrior
  5927 | D:8      | Reached skill level 9 in Axes
  6024 | D:8      | Reached ***** piety under Okawaru
  6026 | D:8      | Reached XP level 11. HP: 24/69 MP: 11/11
  6077 | D:8      | You fall through a shaft for 2 floors!
  6077 | D:10     | Entered Level 10 of the Dungeon
  6079 | D:10     | Found a staircase to the Orcish Mines.
  6106 | D:9      | Received a gift from Okawaru
  6107 | D:9      | Got an ancient hat {god gift}
  6108 | D:9      | Identified the +0 hat of Tiatt {rF+} (Okawaru gifted it to
                  | you on level 9 of the Dungeon)
  6411 | D:9      | Noticed a two-headed ogre
  6424 | D:9      | Killed a two-headed ogre
  7632 | D:8      | Bought a +5 broad axe of electrocution for 481 gold pieces
  7949 | D:10     | Reached skill level 10 in Axes
  8072 | D:10     | Found a shimmering altar of Xom.
  8469 | D:10     | Found a sacrificial altar of Ru.
  8551 | D:11     | Reached skill level 1 in Invocations
  8658 | D:11     | Noticed a cyclops
  8670 | D:11     | Killed a cyclops
  8988 | D:11     | Found a staircase to the Lair.
  9025 | D:11     | Noticed a two-headed ogre
  9036 | D:11     | Killed a two-headed ogre
  9870 | D:11     | Noticed an ice dragon
  9884 | D:11     | Reached skill level 10 in Armour
  9887 | D:11     | Reached skill level 10 in Fighting
  9887 | D:11     | Reached XP level 12. HP: 77/77 MP: 13/13
  9892 | D:11     | Killed an ice dragon
  9892 | D:11     | Reached skill level 10 in Shields
  9984 | Lair:1   | Entered Level 1 of the Lair of Beasts
 10034 | Lair:1   | Reached skill level 11 in Axes
 10113 | Lair:1   | Received a gift from Okawaru
 10186 | Lair:1   | Got a tiger eye-encrusted scale mail
 10188 | Lair:1   | Identified the +7 scale mail of Xom's Displeasure {rPois
                  | Int+4} (You found it on level 1 of the Lair of Beasts)
 10379 | Lair:1   | Identified a scroll of acquirement
 11629 | Lair:3   | Reached skill level 5 in Invocations
 11952 | Lair:3   | HP: 3/79 [oklob plant/splash of acid (10)]
 11952 | Lair:3   | Splashed by an oklob plant's acid

Skill      XL: |  1  2  3  4  5  6  7  8  9 10 11 12 |
---------------+-------------------------------------+-----
Axes           | 2 3 4 6 7 9 10 11 | 11.8
Fighting       | 4 5 6 7 8 10 | 10.8
Armour         | 4 5 6 7 8 10 | 10.8
Shields        | 4 5 6 7 8 9 10 | 10.7
Invocations    | 2 5 |  5.0

Action                   |  1- 3 |  4- 6 |  7- 9 | 10-12 || total
-------------------------+-------+-------+-------+-------++-------
Melee: War axe           |   107 |   161 |   385 |   326 ||   979
       Broad axe         |       |       |       |   334 ||   334
Evoke: Wand              |       |       |       |     7 ||     7
  Use: Scroll            |     1 |     4 |     3 |    11 ||    19
       Potion            |       |     2 |     1 |     5 ||     8
  Eat: Chunk             |       |     4 |     7 |    15 ||    26
       Ration            |       |       |     1 |     3 ||     4
Armor: Scale mail        |    57 |    45 |       |    56 ||   158
       Chain mail        |       |    38 |     8 |       ||    46
       Plate armour      |       |       |   289 |   277 ||   566
Dodge: Dodged            |    33 |    41 |    77 |   135 ||   286
Block: Shield            |    62 |   104 |   339 |   524 ||  1029
       Reflection        |       |       |     8 |    19 ||    27
